 Dungeon Crawl Stone Soup version 0.31.0-32-g396128a36d (webtiles) character file.

Game seed: 823849753145782779

539 Jinxx the Vexing (level 7, -7/52 HPs)
             Began as a Gnoll Hexslinger on Apr 6, 2024.
             Was an Initiate of Qazlal.
             Killed from afar by an acid dragon (28 damage)
             ... with a splash of acid
             ... on level 5 of the Dungeon.
             The game lasted 00:09:46 (3160 turns).

Jinxx the Vexing (Gnoll Hexslinger)                 Turns: 3160, Time: 00:09:47

Health: -7/52      AC:  3    Str:  7    XL:     7   Next: 26%
Magic:  12/12      EV: 14    Int: 14    God:    Qazlal [......]
Gold:   285        SH:  0    Dex: 15    Spells: 10/13 levels left

rFire   + . .        a - +1 sling
rCold   x . .        (no shield)
rNeg    . . .        c - +0 robe
rPois   .            w - +2 hat
rElec   .            j - scarf {shadows}
rCorr   .            (no gloves)
SInv    .            v - +2 pair of boots
Will    .....        (no amulet)
Stlth   ++           x - ring of fire
HPRegen 0.28/turn    (no ring)
MPRegen 0.13/turn

%: no passive effects
@: corroded
A: fangs 1, strong nose, distributed training
a: Renounce Religion


You were on level 5 of the Dungeon.
You worshipped Qazlal.
Qazlal was noncommittal.
You visited 2 branches of the dungeon, and saw 6 of its levels.

You collected 345 gold pieces.
You spent 60 gold pieces at shops.

Inventory:

Hand Weapons
 a - a +1 sling (weapon)
 o - a +1 mace of holy wrath
 t - a +2 heavy long sword
Missiles
 f - 3 javelins
 m - 5 boomerangs
 u - 3 atropa-tipped darts
Armour
 c - a +0 robe (worn)
 i - a +0 helmet
 j - a scarf of shadows (worn)
 l - a scarf of invisibility
 v - a +2 pair of boots (worn)
 w - a +2 hat (worn)
Jewellery
 x - a ring of fire (left hand)
Wands
 A - a wand of charming (9)
Scrolls
 b - a scroll of poison
 d - a scroll of noise {unknown}
 e - 3 scrolls of torment
 h - 2 scrolls of teleportation
 q - 2 scrolls of fear {unknown}
 s - a scroll of identify
 y - 2 scrolls of immolation {unknown}
Potions
 g - a potion of enlightenment
 k - 5 potions of might
 n - a potion of curing
 p - 2 potions of degeneration
 r - a potion of haste {unknown}
 z - a potion of lignification {unknown}


   Skills:
 + Level 3.6 Fighting
 + Level 2.5 Short Blades
 + Level 2.5 Long Blades
 + Level 2.5 Axes
 + Level 2.5 Maces & Flails
 + Level 2.5 Polearms
 + Level 2.5 Staves
 + Level 5.2 Ranged Weapons
 + Level 2.5 Throwing
 + Level 2.5 Armour
 + Level 5.2 Dodging
 + Level 2.5 Stealth
 + Level 2.5 Shields
 + Level 2.5 Unarmed Combat
 + Level 3.8 Spellcasting
 + Level 2.0 Conjurations
 + Level 5.8 Hexes
 + Level 2.0 Summonings
 + Level 2.0 Necromancy
 + Level 2.0 Translocations
 + Level 3.0 Fire Magic
 + Level 2.0 Ice Magic
 + Level 2.0 Air Magic
 + Level 2.0 Earth Magic
 + Level 2.0 Alchemy
 + Level 2.7 Invocations
 + Level 2.5 Evocations
 + Level 2.2 Shapeshifting


You had 10 spell levels left.
You knew the following spells:

 Your Spells              Type           Power      Damage    Failure   Level
a - Vampiric Draining     Necr           8%         2d6       26%         3

Your spell library contained the following spells:

 Spells                   Type           Power      Damage    Failure   Level
 Jinxbite                 Hex            38%        N/A       2%          2
 Sigil of Binding         Hex            19%        N/A       5%          3
 Ensorcelled Hibernation  Hex/Ice        26%        N/A       6%          2
 Necrotise                Necr           32%        1d5       9%          1
 Inner Flame              Hex/Fire       22%        N/A       10%         3
 Cause Fear               Hex            9%         N/A       19%         4
 Passwall                 Erth           8%         N/A       26%         3
 Swiftness                Air            8%         N/A       26%         3
 Dimensional Bullseye     Hex/Tloc       6%         N/A       36%         4
 Martyr's Knell           Necr/Summ      8%         N/A       63%         4
 Curse of Agony           Necr           8%         N/A       93%         5


Dungeon Overview and Level Annotations

Branches:
Dungeon (5/15)             Temple (1/1) D:4

Altars:
Ashenzari
Fedhas
Gozag
Hepliaklqana
Kikubaaqudgha
Makhleb
Nemelex Xobeh
Qazlal
Ru
Uskayaw
Vehumet
Wu Jian
Xom
Yredelemnul
Zin

Shops:
D:2 *


Innate Abilities, Weirdness & Mutations

You have very sharp teeth.
Your uncanny sense of smell can sniff out nearby items.
Your experience applies equally to all skills.


Message History

The acid dragon spits acid at you. The splash of acid hits you!!
The acid corrodes you!
You shoot a sling bullet.
The sling bullet hits the acid dragon but does no damage.
The acid dragon is lightly wounded.
You shoot a sling bullet. The sling bullet hits the acid dragon.
The acid dragon is lightly wounded.
You shoot a sling bullet.
The sling bullet hits the acid dragon but does no damage.
The acid dragon is lightly wounded.
Fire: a) +1 sling
Press: ? - help, Q - select action, (/) - cycle Shift-Dir - straight line, f/p - acid dragon
Aim: an acid dragon (lightly wounded, catching its breath, 60% to hit)
Okay, then.
Casting: Vampiric Draining (dangerous; 26% risk of failure)
Confirm with . or Enter, or press ? or * to list all spells.
Okay, then.
Fire: a) +1 sling
Press: ? - help, Q - select action, (/) - cycle Shift-Dir - straight line, f/p - acid dragon
Aim: an acid dragon (lightly wounded, catching its breath, 60% to hit)
Okay, then.
You shoot a sling bullet.
The sling bullet hits the acid dragon but does no damage.
The acid dragon is lightly wounded.
The acid dragon barely misses you. The acid dragon claws you.
You shoot a sling bullet.
The sling bullet hits the acid dragon but does no damage.
The acid dragon is lightly wounded.
The acid dragon barely misses you. The acid dragon claws you.
The acid dragon barely misses you. x2
You shoot a sling bullet.
The sling bullet completely misses the acid dragon.
The acid dragon bites you! The acid dragon closely misses you.
Okay, then.
The acid dragon attacks as it pursues you!
The acid dragon misses you. x2
The acid dragon spits acid at you. The splash of acid hits you!!
Ouch! That really hurt!
You die...

#..# ##.##
##.## ##.##
#.## #..###
##>..##
###..# #@.#
##.# #.#
#D# ##.#
###..##
#.....#####
##........#
##....###.<


You could see an acid dragon (catching breath).

Vanquished Creatures
  Sigmund (D:2)
  The ghost of Ulv the Slasher, an amateur BaWr of Qazlal (D:3)
  A black bear (D:4)
  A jelly (D:5)
  2 hounds (D:4)
  An adder (D:2)
  3 ribbon worms
  A dart slug (D:4)
  5 orcs
  7 bats
  8 endoplasms
  A giant cockroach (D:1)
  3 goblins
  5 hobgoblins
  4 quokkas
  9 ball pythons
  7 frilled lizards
  4 kobolds
  4 rats
68 creatures vanquished.

Notes
Turn   | Place    | Note
-------+----------+-------------------------------------------
     0 | D:1      | Jinxx the Gnoll Hexslinger began the quest for the Orb.
     0 | D:1      | Reached XP level 1. HP: 17/17 MP: 4/4
   164 | D:1      | Reached XP level 2. HP: 23/23 MP: 5/5
   372 | D:1      | You fall into a shaft and drop 1 floor!
   430 | D:2      | Reached XP level 3. HP: 28/28 MP: 7/7
   507 | D:1      | Reached skill level 1 in Invocations
   878 | D:2      | Found Siwn's General Store.
   898 | D:2      | Bought a potion of curing for 36 gold pieces
   898 | D:2      | Bought a scroll of identify for 24 gold pieces
   920 | D:2      | Reached skill level 1 in Short Blades
   920 | D:2      | Reached skill level 1 in Long Blades
   920 | D:2      | Reached skill level 1 in Axes
   920 | D:2      | Reached skill level 1 in Maces & Flails
   920 | D:2      | Reached skill level 1 in Polearms
   920 | D:2      | Reached skill level 1 in Staves
   920 | D:2      | Reached skill level 1 in Throwing
   920 | D:2      | Reached skill level 1 in Armour
   920 | D:2      | Reached skill level 1 in Stealth
   920 | D:2      | Reached skill level 1 in Shields
   920 | D:2      | Reached skill level 1 in Unarmed Combat
   920 | D:2      | Reached skill level 1 in Evocations
   935 | D:2      | Noticed Sigmund
   950 | D:2      | Killed Sigmund
   951 | D:2      | Reached skill level 1 in Conjurations
   951 | D:2      | Reached skill level 1 in Summonings
   951 | D:2      | Reached skill level 1 in Necromancy
   951 | D:2      | Reached skill level 1 in Translocations
   951 | D:2      | Reached skill level 1 in Ice Magic
   951 | D:2      | Reached skill level 1 in Air Magic
   951 | D:2      | Reached skill level 1 in Earth Magic
   951 | D:2      | Reached skill level 1 in Alchemy
   951 | D:2      | Reached skill level 1 in Shapeshifting
   951 | D:2      | Reached XP level 4. HP: 10/35 MP: 8/8
   951 | D:2      | Reached XP level 5. HP: 12/41 MP: 9/9
  1467 | D:3      | Found a large runed translucent door.
  1467 | D:3      | Found a large runed translucent door.
  1473 | D:3      | Noticed Ulv's ghost (amateur BaWr)
  1511 | D:3      | Killed Ulv's ghost
  1512 | D:3      | Reached skill level 5 in Ranged Weapons
  1512 | D:3      | Reached skill level 5 in Dodging
  1512 | D:3      | Reached XP level 6. HP: 45/47 MP: 9/11
  2467 | D:4      | Noticed a black bear
  2478 | D:4      | Killed a black bear
  2479 | D:4      | Reached XP level 7. HP: 47/52 MP: 12/12
  2483 | D:4      | Learned a level 3 spell: Vampiric Draining
  2568 | D:4      | Found a staircase to the Ecumenical Temple.
  2579 | Temple   | Entered the Ecumenical Temple
  2656 | Temple   | Became a worshipper of Qazlal Stormbringer
  2975 | D:5      | Entered Level 5 of the Dungeon
  3160 | D:5      | Killed from afar by an acid dragon

Illustrated notes

Levels and vault maps discovered:
D:1:      ebering_trefoil_twist, layout_rooms
D:2:      layout_basic, serial_shops, shop, minmay_randomly_rotated_circles,
          uniq_sigmund
D:3:      minmay_inner_zag, layout_basic, ebering_ghost_disaster_area
D:4:      layout_basic, minmay_temple_entry_statues_pillars
D:5:      layout_layer_cave
Temple:   regret_index_temple_waves

Skill      XL: |  1  2  3  4  5  6  7 |
---------------+----------------------+-----
Fire Magic     | 2 3 |  3.0
Invocations    | 1 2 |  2.7
Short Blades   | 1 2 |  2.5
Long Blades    | 1 2 |  2.5
Axes           | 1 2 |  2.5
Maces & Flails | 1 2 |  2.5
Polearms       | 1 2 |  2.5
Staves         | 1 2 |  2.5
Throwing       | 1 2 |  2.5
Armour         | 1 2 |  2.5
Stealth        | 1 2 |  2.5
Shields        | 1 2 |  2.5
Unarmed Combat | 1 2 |  2.5
Evocations     | 1 2 |  2.5
Fighting       | 3 |  3.6
Spellcasting   | 3 |  3.8
Conjurations   | 1 2 |  2.0
Summonings     | 1 2 |  2.0
Necromancy     | 1 2 |  2.0
Translocations | 1 2 |  2.0
Ice Magic      | 1 2 |  2.0
Air Magic      | 1 2 |  2.0
Earth Magic    | 1 2 |  2.0
Alchemy        | 1 2 |  2.0
Shapeshifting  | 1 2 |  2.2
Ranged Weapons | 5 |  5.2
Dodging        | 5 |  5.2
Hexes          | |  5.8

Action                     |  1- 3 |  4- 6 |  7- 9 || total
---------------------------+-------+-------+-------++-------
   Fire: Sling             |   116 |   128 |    46 ||   290
    Use: Scroll            |     3 |     2 |       ||     5
         Potion            |     1 |       |       ||     1
 Armour: Robe              |    19 |    33 |    20 ||    72
  Dodge: Dodged            |    37 |    61 |    27 ||   125
